Construct Weapon Support Center
Construct Medical Station
Selects Special Operations Battlegroup
Selects SSF Commando Squad
Improved M9 Bazooka Rockets
Selects Assault Operation
Selects M29 Weasel with M1 Pack Howitzer
M18 Hellcat Tank Destroyer
Selects P-47 Anti-Infantry Loiter
Selects UNKNOWN (2162291)
M18 Hellcat Tank Destroyer
P-47 Anti-Infantry Loiter
M18 Hellcat Tank Destroyer
M18 Hellcat Tank Destroyer